 Dungeon Crawl Stone Soup version 0.20.0-15-g7f486f2 (webtiles) character file.

4950 VajrapaniSR the Cleaver (level 10, 0/94 HPs)
             Began as a Minotaur Berserker on June 30, 2017.
             Was an Elder of Trog.
             Succumbed to a killer bee's poison
             ... on level 8 of the Dungeon.
             The game lasted 00:21:00 (3275 turns).

VajrapaniSR the Cleaver (Minotaur Berserker)        Turns: 3275, Time: 00:21:01

Health: 0/94       AC: 12    Str: 22      XL:     10   Next: 28%
Magic:  9/9        EV: 12    Int:  4      God:    Trog [****..]
Gold:   127        SH:  0    Dex: 19 (20) Spells: 9/9 levels left

rFire    . . .     SeeInvis .   a - +0 battleaxe
rCold    . . .     Gourm    .   (shield currently unavailable)
rNeg     . . .     Faith    .   h - +0 plate armour
rPois    .         Spirit   .   (helmet restricted)
rElec    .         Reflect  .   (no cloak)
rCorr    .         Harm     .   (no gloves)
MR       +....                  e - +0 pair of boots
Stlth    ..........             m - amulet of inaccuracy (curse)
Regen    0.3/turn               k - ring of protection from magic
MPRegen  0.2/turn               (no ring)

@: agile, lethally poisoned (0 -> -1), berserk cooldown, slowed, very slow
A: retaliatory headbutt, horns 2, agile 1, deterioration 1, MP-powered wands
a: Berserk, Trog's Hand, Brothers in Arms, Burn Spellbooks, Renounce Religion


You were on level 8 of the Dungeon.
You worshipped Trog.
Trog was greatly pleased with you.
You were not hungry.

You visited 1 branch of the dungeon, and saw 9 of its levels.
You also visited: Sewer.

You collected 127 gold pieces.

Inventory:

Hand Weapons
 a - a +0 battleaxe (weapon)
 b - a +0 dire flail
 r - a +0 war axe
Missiles
 i - a throwing net (quivered)
Armour
 e - a +0 pair of boots (worn)
 h - a +0 plate armour (worn)
 o - the cursed +0 ring mail of Vanity {rElec rC- rCorr Int+5, unknown}
   (You found it on level 7 of the Dungeon)

   It affects your intelligence (+5).
   It makes you vulnerable to cold.
   It insulates you from electricity.
   It protects you from acid and corrosion.
   It has a curse placed upon it.
Jewellery
 k - a ring of protection from magic (left hand)
 m - a cursed amulet of inaccuracy (around neck)
 p - a +3 ring of intelligence {unknown}
 q - an uncursed ring of fire {unknown}
Wands
 f - a wand of enslavement (7/24)
Scrolls
 n - a scroll of enchant armour
Potions
 d - a potion of brilliance
 g - a potion of lignification {unknown}
 j - a potion of haste {unknown}
 l - a potion of agility
Comestibles
 c - 4 bread rations
 s - a meat ration
 t - a royal jelly


   Skills:
 + Level 10.9 Fighting
 * Level 14.5 Axes
 - Level 2.4 Armour
 - Level 2.1 Dodging


You had 9 spell levels left.
You didn't know any spells.

Dungeon Overview and Level Annotations

Branches:
Dungeon (9/15)
 Temple: D:4-7         Lair: D:8-11         Orc: D:9-12

Altars:
Ashenzari
Vehumet
The Shining One

Annotations:
D:8 Maurice; Terandir's ghost, novice MiFi


Innate Abilities, Weirdness & Mutations

You reflexively headbutt those who attack you in melee.
You have a pair of horns on your head.
You are agile. (Dex +2)
Your body sometimes deteriorates upon taking damage.
You expend magic power (3 MP) to strengthen your wands.


Message History

Level annotation: Maurice; Terandir's ghost, novice MiFi
There is a stone staircase leading down here.
Unknown command.
You're still recovering from your berserk rage.
Unknown command.
You hit the killer bee but do no damage.
The killer bee closely misses you. The killer bee barely misses you.
The killer bee stings you.
* * * LOW HITPOINT WARNING * * *
Unknown command.
You completely miss the killer bee. The killer bee barely misses you.
The killer bee stings you!
* * * LOW HITPOINT WARNING * * *
You are poisoned.
The killer bee poisons you! The killer bee stings you.
* * * LOW HITPOINT WARNING * * *
Unknown command.
It was a potion of agility.
You feel agile all of a sudden.
You die...

#.#.##.# #.#.##.#
#.#.##..
###########.# ###
#........... #
#....(.[.... #
#..####.......#
#y.# ##[..# # #@.#
#...#### #..#
#...#.##
#..####.###....#.#
#......... ...###.
##.####### #...#..
#.# #..#.##
#.#########..## #
#............# #
############)# #


You could see a killer bee.

Vanquished Creatures
  2 two-headed ogres
  The ghost of greprep the Nimble, a novice MiFi of Qazlal (D:7)
  A hippogriff (D:8)
  Eustachio (D:6)
  A steam dragon (D:9)
  Duvessa (D:6)
  A black bear (D:6)
  3 orc warriors
  2 sky beasts (D:8)
  2 ogres
  3 phantoms
  2 centaurs
  4 bullfrogs
  A water moccasin zombie (D:7)
  Dowan (D:6)
  2 scorpions
  A killer bee (D:9)
  A bullfrog zombie (D:8)
  5 crimson imps
  A centaur zombie (D:7)
  A hound (D:4)
  5 orc priests
  A jelly (D:7)
  A bullfrog skeleton (D:6)
  An iguana (D:8)
  4 worker ants
  3 orc wizards (D:7)
  A howler monkey zombie (D:5)
  A worker ant zombie (D:8)
  7 gnolls
  15 adders
  5 river rats (D:4)
  13 oozes (Sewer)
  An adder skeleton (D:4)
  2 worms (D:4)
  A dart slug (D:1)
  6 leopard geckos
  17 orcs
  17 ball pythons (Sewer)
  9 giant cockroaches
  3 goblins
  A hobgoblin (D:3)
  6 jackals
  3 bats (D:1)
  16 frilled lizards
  A kobold (D:2)
  2 leopard gecko zombies (D:7)
  A quokka skeleton (D:7)
  4 rats
184 creatures vanquished.

Notes
Turn   | Place    | Note
-------+----------+-------------------------------------------
     0 | D:1      | VajrapaniSR the Minotaur Berserker began the quest for the Orb.
     0 | D:1      | Reached XP level 1. HP: 19/19 MP: 0/0
    49 | D:1      | Reached skill level 4 in Axes
    55 | D:1      | Reached XP level 2. HP: 23/27 MP: 1/1
   129 | D:2      | Found a radiant altar of Vehumet.
   221 | D:3      | Reached XP level 3. HP: 33/33 MP: 2/2
   223 | D:3      | Reached skill level 5 in Axes
   362 | D:3      | Reached XP level 4. HP: 25/41 MP: 3/3
   413 | D:4      | Reached ** piety under Trog
   436 | D:4      | Reached skill level 5 in Fighting
   444 | D:4      | Reached skill level 6 in Axes
   444 | D:4      | Reached XP level 5. HP: 15/48 MP: 4/4
   600 | D:4      | Found a glowing drain.
   604 | Sewer    | Entered a sewer
   740 | Sewer    | Reached *** piety under Trog
   792 | Sewer    | Reached XP level 6. HP: 38/56 MP: 5/5
   809 | Sewer    | Reached skill level 7 in Axes
   911 | Sewer    | Reached **** piety under Trog
  1085 | D:5      | Entered Level 5 of the Dungeon
  1116 | D:5      | Found a glowing golden altar of the Shining One.
  1124 | D:5      | Reached skill level 8 in Axes
  1124 | D:5      | Reached XP level 7. HP: 63/63 MP: 6/6
  1233 | D:4      | Found a shattered altar of Ashenzari.
  1461 | D:5      | Reached skill level 9 in Axes
  1517 | D:6      | Noticed a two-headed ogre
  1525 | D:5      | Killed a two-headed ogre
  1525 | D:5      | Reached skill level 10 in Axes
  1525 | D:5      | Reached XP level 8. HP: 30/74 MP: 7/7
  1542 | D:6      | Noticed Duvessa
  1633 | D:6      | Killed Duvessa
  1633 | D:6      | Reached skill level 11 in Axes
  1641 | D:6      | Noticed Dowan
  1644 | D:6      | Killed Dowan
  1807 | D:6      | Noticed Eustachio
  1832 | D:6      | Killed Eustachio
  1854 | D:6      | Reached XP level 9. HP: 57/82 MP: 8/8
  1889 | D:6      | Reached skill level 12 in Axes
  2133 | D:7      | Got a warped ring mail
  2335 | D:8      | Reached skill level 13 in Axes
  2338 | D:8      | HP: 4/127 [orc warrior/long sword of electrocution (10)]
  2486 | D:8      | Noticed Terandir's ghost (novice MiFi)
  2594 | D:8      | Reached skill level 10 in Fighting
  2608 | D:8      | Noticed Maurice
  2611 | D:8      | HP: 3/85 [Maurice/wand of lightning (?/15) (4)]
  2809 | D:7      | Noticed greprep's ghost (novice MiFi)
  2830 | D:7      | Killed greprep's ghost
  2893 | D:8      | Noticed a two-headed ogre
  2897 | D:8      | Killed a two-headed ogre
  2897 | D:8      | Reached skill level 14 in Axes
  2897 | D:8      | Reached XP level 10. HP: 53/94 MP: 9/9
  3004 | D:8      | Gained mutation: You are agile. (Dex +2) [mutagenic meat]
  3005 | D:8      | Gained mutation: You expend magic power (3 MP) to strengthen your wands. [mutagenic meat]
  3006 | D:8      | Gained mutation: Your body sometimes deteriorates upon taking damage. [mutagenic meat]
  3274 | D:8      | HP: 3/94 [killer bee (7)]
  3274 | D:8      | HP: 1/94 [killer bee (2)]
  3275 | D:8      | Succumbed to a killer bee's poison

Skill      XL: |  1  2  3  4  5  6  7  8  9 |
---------------+----------------------------+-----
Axes           | 4 5 6 8 10 11 14 | 14.5
Fighting       | 4 5 6 8 10 | 10.9
Armour         | |  2.4
Dodging        | |  2.1

Action                   |  1- 3 |  4- 6 |  7- 9 | 10-12 || total
-------------------------+-------+-------+-------+-------++-------
Melee: Hand axe          |    42 |   185 |   196 |       ||   423
       Headbutt          |     4 |    28 |    58 |    10 ||   100
       Battleaxe         |       |       |    69 |    44 ||   113
Throw: Throwing net      |       |       |     1 |       ||     1
Invok: Berserk           |     1 |     1 |     9 |     1 ||    12
       Trog's Hand       |       |       |     3 |     1 ||     4
       Burn Spellbooks   |       |       |     2 |       ||     2
  Use: Scroll            |       |     2 |     4 |       ||     6
       Potion            |       |       |     2 |     1 ||     3
  Eat: Royal jelly       |       |     1 |       |       ||     1
       Chunk             |       |     1 |     7 |     6 ||    14
       Bread ration      |       |       |     1 |       ||     1
       Meat ration       |       |       |     1 |       ||     1
Armor: Animal skin       |    12 |       |       |       ||    12
       Ring mail         |     3 |    62 |    28 |       ||    93
       Plate armour      |       |       |    65 |    36 ||   101
       Skin              |       |       |     1 |       ||     1
Dodge: Dodged            |    36 |   127 |   105 |    26 ||   294
